 Dungeon Sprint DCSS version 0.18.1-50-g88ac8fd (webtiles) character file.

819 Kagutsuchi the Fighter (level 7, -5/73 HPs)
             Began as a Purple Draconian Berserker on Oct 22, 2016.
             Was a Priest of Trog.
             Slain by a vampire mosquito (11 damage)
             ... in the Dungeon (Sprint II: "The Violet Keep of Menkaure").
             The game lasted 00:04:16 (444 turns).

Kagutsuchi the Fighter (Purple Draconian Berserker)  Turns: 444, Time: 00:04:17

Health: -5/73      AC:  6    Str: 19    XL:     7   Next: 63%
Magic:  7/7        EV: 17    Int:  7    God:    Trog [***...]
Gold:   74         SH:  0    Dex: 13    Spells: 0 memorised, 6 levels left

rFire  . . .     SeeInvis .     l - +2 battleaxe (flame)
rCold  . . .     Gourm    .     (armour unavailable)
rNeg   . . .     Faith    .     (shield currently unavailable)
rPois  .         Spirit   .     (helmet restricted)
rElec  .         Dismiss  .     (no cloak)
rCorr  .         Reflect  .     (no gloves)
SustAt .         Harm     .     (no boots)
MR     +....     NoTele   +     (no amulet)
Stlth  +.........               (no ring)
                                (no ring)

@: exhausted, slowed, very slow, somewhat resistant to hostile enchantments,
very unstealthy
A: breathe power, unfitting armour, cold-blooded, AC +6
a: Breathe Dispelling Energy, Berserk, Trog's Hand, Burn Spellbooks, Renounce
Religion


You were in the Dungeon.
You worshipped Trog.
Trog was most pleased with you.
You were near starving.

You visited 1 branch You collected 729 gold pieces.
You spent 655 gold pieces at shops.

Inventory:

Hand Weapons
 a - a +0 falchion
 l - a +2 battleaxe of flaming (weapon)
Scrolls
 h - a scroll of blinking
Potions
 e - a potion of haste
 f - 2 potions of magic
 g - a potion of berserk rage
Comestibles
 b - 2 bread rations
 i - a meat ration
 j - a royal jelly
 k - 2 fruits


   Skills:
 + Level 10.8 Fighting
 + Level 10.4 Long Blades
 + Level 9.3 Dodging
 + Level 0.8 Stealth


You had 6 spell levels left.
You didn't know any spells.

Dungeon Overview and Level Annotations

Branches:
Dungeon (1/1)

Altars:

Shops:
D :[(=?:?!![%%(}?=

Annotations:
D exclusion: oklob plant, Roxanne


Innate Abilities, Weirdness & Mutations

You can breathe bolts of dispelling energy.
Your rich purple scales are hard (AC +6).
Your body does not fit into most forms of armour.
You are cold-blooded and may be slowed by cold attacks.


Message History

You feel much better.
The vampire mosquito completely misses you. x2
The vampire mosquito misses you.
Drink which item? (? for menu, Esc to quit)
You feel better. The vampire mosquito bites you!
The vampire mosquito bites you.
* * * LOW HITPOINT WARNING * * *
Drink which item? (? for menu, Esc to quit)
You feel better. The vampire mosquito bites you.
* * * LOW HITPOINT WARNING * * *
The vampire mosquito barely misses you. x2
You're too exhausted to go berserk.
You closely miss the vampire mosquito. The vampire mosquito bites you!
* * * LOW HITPOINT WARNING * * *
The vampire mosquito bites you.
* * * LOW HITPOINT WARNING * * *
The vampire mosquito bites you.
* * * LOW HITPOINT WARNING * * *
The vampire mosquito misses you. The vampire mosquito bites you!
You die...

##..∩.∩...#≈≈≈≈#..#..#....#
##.⌠.∩....#≈≈####.).####..#
##..∩.∩...#≈##.###'## .##..#
##...∩.∩..#≈#...##.###..#..#
##....∩.∩.'≈+##.÷.<.'.# ..#
##.....∩.∩#≈#...##.###..#...
#▓▓▓▓▓▓▓###≈##.###+# .##.§..
##(hG######≈≈### ## ≈...
#$)h# ##@≈≈# #∩P)+ #y#≈#
#$.( #.#≈≈# #[$. ### ≈≈≈
##+# +++# §


You could see a vampire mosquito.

Vanquished Creatures
  A siren (D)
  4 necrophages (D)
  A crocodile (D)
  4 worker ants (D)
10 creatures vanquished.

Vanquished Creatures (others)
  Menkaure (D)
  A crocodile (D)
2 creatures vanquished.

Grand Total: 12 creatures vanquished

Notes
Turn   | Place    | Note
--------------------------------------------------------------
     0 | D        | Kagutsuchi the Draconian Berserker began the quest for the Orb.
     0 | D        | Reached XP level 1. HP: 19/19 MP: 1/1
     1 | D        | Noticed a necrophage
     1 | D        | Noticed a necrophage
     1 | D        | Noticed a necrophage
     1 | D        | Noticed a necrophage
     7 | D        | Killed a necrophage
     7 | D        | Reached skill level 5 in Long Blades
     7 | D        | Reached skill level 5 in Dodging
     7 | D        | Reached XP level 2. HP: 30/30 MP: 2/2
     7 | D        | Reached XP level 3. HP: 37/37 MP: 3/3
     7 | D        | Reached XP level 4. HP: 44/44 MP: 4/4
    10 | D        | Killed a necrophage
    10 | D        | Reached XP level 5. HP: 52/52 MP: 5/5
    12 | D        | Killed a necrophage
    17 | D        | Killed a necrophage
    17 | D        | Reached XP level 6. HP: 62/62 MP: 6/6
    40 | D        | Killed Menkaure
    93 | D        | Reached ** piety under Trog
   129 | D        | Noticed a siren
   136 | D        | Killed a siren
   136 | D        | Reached *** piety under Trog
   136 | D        | Reached skill level 10 in Fighting
   136 | D        | Reached skill level 10 in Long Blades
   136 | D        | Your scales start taking on a rich purple colour.
   136 | D        | Reached XP level 7. HP: 47/73 MP: 7/7
   329 | D        | Noticed Roxanne
   365 | D        | Found Fidulu's Gadget Shop.
   365 | D        | Found Billaa's Magic Scroll Boutique.
   366 | D        | Found Ediwnos's Food Shop.
   366 | D        | Found Fileucs's Food Shop.
   367 | D        | Found Tiruor's Magic Scroll Boutique.
   367 | D        | Found Gaxiesom's Distillery.
   367 | D        | Found Atearuom's Distillery.
   367 | D        | Found Neofoz's Antique Armour Shop.
   368 | D        | Found Ruuxzyme's Jewellery Boutique.
   368 | D        | Found Sunaekk's Magic Scroll Shop.
   368 | D        | Found Guxeirph's Book Boutique.
   369 | D        | Found Donudot's Jewellery Shop.
   369 | D        | Found Emuddipn's Weapon Boutique.
   371 | D        | Found Cotsisew's Antique Armour Boutique.
   371 | D        | Found Lueqeuxt's Antique Weapon Shop.
   372 | D        | Noticed a great orb of eyes
   384 | D        | Noticed an oklob plant
   385 | D        | Found Meluimno's Book Shoppe.
   386 | D        | Noticed a polar bear
   389 | D        | Noticed a polar bear
   393 | D        | Bought a potion of heal wounds for 60 gold pieces
   393 | D        | Bought a potion of curing for 36 gold pieces
   395 | D        | Bought a potion of curing for 39 gold pieces
   395 | D        | Bought a potion of curing for 39 gold pieces
   397 | D        | Bought a bread ration for 50 gold pieces
   397 | D        | Bought a meat ration for 50 gold pieces
   397 | D        | Bought a royal jelly for 20 gold pieces
   397 | D        | Bought 2 fruits for 30 gold pieces
   407 | D        | Bought a +2 battleaxe of flaming for 331 gold pieces
   418 | D        | Noticed a vampire mosquito
   440 | D        | HP: 3/73 [vampire mosquito (2)]
   444 | D        | Slain by a vampire mosquito

Skill      XL: |  1  2  3  4  5  6 |
---------------+-------------------+-----
Fighting       | 6 7 9 10 | 10.8
Long Blades    | 5 7 8 10 | 10.4
Dodging        | 5 6 7 9 |  9.3
Stealth        | |  0.8

Action                   |  1- 3 |  4- 6 |  7- 9 || total
-------------------------+-------+-------+-------++-------
Melee: Falchion          |     5 |    38 |     9 ||    52
       Tailslap          |     2 |     5 |     3 ||    10
       Battleaxe         |       |       |    19 ||    19
Invok: Berserk           |     1 |     1 |     1 ||     3
       Burn Spellbooks   |       |       |     1 ||     1
  Use: Potion            |       |     1 |     5 ||     6
Armor: Skin              |       |     2 |     5 ||     7
Dodge: Dodged            |     2 |    15 |    41 ||    58
